 Dungeon Crawl Stone Soup version 0.23-a0-417-gf02c810438 (webtiles) character file.

247 Pilesh the Chopper (level 5, 0/47 HPs)
             Began as a Minotaur Fighter on Nov 11, 2018.
             Slain by Sigmund
             ... wielding a +0 scythe of distortion
              (18 damage)
             ... on level 3 of the Dungeon.
             The game lasted 00:06:32 (2470 turns).

Pilesh the Chopper (Minotaur Fighter)               Turns: 2470, Time: 00:06:33

Health: 0/47       AC: 13    Str: 26    XL:     5   Next: 85%
Magic:  4/4        EV:  8    Int:  5    God:
Gold:   201        SH: 10    Dex: 10    Spells: 4/4 levels left

rFire    . . .     SeeInvis .   a - +0 war axe
rCold    . . .     Gourm    .   c - +0 shield
rNeg     . . .     Faith    .   o - +5 scale mail
rPois    .         Spirit   .   (helmet restricted)
rElec    .         Reflect  .   (no cloak)
rCorr    .         Harm     .   (no gloves)
MR       .....                  e - +0 pair of boots
Stlth    +.........             (no amulet)
HPRegen  0.15/turn              b - ring of stealth
MPRegen  0.09/turn              (no ring)

@: mighty
A: retaliatory headbutt, horns 2
a: no special abilities


You were on level 3 of the Dungeon.
You were not hungry.

You visited 1 branch of the dungeon, and saw 3 of its levels.

You collected 201 gold pieces.

Inventory:

Hand Weapons
 a - a +0 war axe (weapon)
Armour
 c - a +0 shield (worn)
 e - a +0 pair of boots (worn)
 n - a +0 chain mail
 o - a +5 scale mail (worn)
Jewellery
 b - a ring of stealth (left hand)
Scrolls
 k - a scroll of teleportation
Comestibles
 f - 2 rations


   Skills:
 + Level 4.7 Fighting
 * Level 4.7 Axes
 + Level 4.7 Armour
 + Level 2.1 Dodging
 + Level 4.5 Shields


You had 4 spell levels left.
You didn't know any spells.
Your spell library was empty.

Dungeon Overview and Level Annotations

Branches:
Dungeon (3/15)

Altars:
Hepliaklqana

Annotations:
D:3 Sigmund


Innate Abilities, Weirdness & Mutations

You reflexively headbutt those who attack you in melee.
You have a pair of horns on your head.


Message History

It was a potion of curing.
You feel better.
Sigmund hits you with a +0 scythe of distortion.
There is an open door, spattered with blood here.
Things that are here:
6 stones; a +0 club You closely miss Sigmund.
You slash the kobold!
You kill the kobold!
You hit the kobold.
You kill the kobold!
Sigmund closely misses you. You furiously retaliate!
You headbutt Sigmund. You slice Sigmund!!
Sigmund is almost dead.
You block Sigmund's attack.
You closely miss Sigmund. Your headbutt misses Sigmund.
Sigmund is almost dead.
You block Sigmund's attack.
You closely miss Sigmund. Your headbutt misses Sigmund.
Sigmund is almost dead.
Sigmund hits you but does no damage. Space warps horribly around you!
You die...

###### #....# #....# ..
#########.(..#########....
.......#......#(()........
.......'.....)@@.)........
.......#......#(..........
#########....#########.... #()..#
..! #)...# ..
############''###################
≈≈≈≈≈≈≈≈≈≈..(...≈≈≈≈≈≈≈≈≈≈≈≈≈≈≈≈≈
≈≈≈≈≈≈≈≈≈≈≈....≈≈≈≈≈≈≈≈≈≈≈≈≈≈≈≈≈≈
≈≈≈≈≈≈≈≈≈≈......≈≈≈≈≈≈≈≈≈≈≈≈≈≈≈≈≈


You could see Sigmund.

Vanquished Creatures
  Jessica (D:3)
  Natasha (D:3)
  2 orc wizards (D:3)
  Robin (D:2)
  3 adders
  2 dart slugs (D:1)
  2 leopard geckos
  7 orcs
  A ball python (D:1)
  3 giant cockroaches
  11 goblins
  11 hobgoblins
  2 jackals (D:2)
  A quokka (D:2)
  13 bats
  4 frilled lizards
  21 kobolds
  11 rats
97 creatures vanquished.

Notes
Turn   | Place    | Note
-------+----------+-------------------------------------------
     0 | D:1      | Pilesh the Minotaur Fighter began the quest for the Orb.
     0 | D:1      | Reached XP level 1. HP: 19/19 MP: 0/0
   160 | D:1      | Reached XP level 2. HP: 27/27 MP: 1/1
   455 | D:1      | Reached XP level 3. HP: 29/33 MP: 2/2
   607 | D:2      | Reached skill level 1 in Dodging
   701 | D:2      | Found a hazy altar of Hepliaklqana.
   704 | D:2      | Noticed Robin
   717 | D:2      | Killed Robin
   717 | D:2      | Reached XP level 4. HP: 25/40 MP: 3/3
  1523 | D:3      | Reached XP level 5. HP: 29/47 MP: 4/4
  2080 | D:3      | Noticed Natasha
  2089 | D:3      | Killed Natasha
  2232 | D:3      | Noticed Jessica
  2235 | D:3      | Killed Jessica
  2445 | D:3      | Noticed Sigmund
  2470 | D:3      | Slain by Sigmund

Vault maps used:
D:1:      arrival_zaba_pyramid
D:2:      kb_forest_paths, lemuel_crystal_altar, grunt_decor_cap,
          feat_on_display, uniq_robin
D:3:      minmay_goblin_kobold_castle, minivault_11, amethyst_killhole,
          kennysheep_generic_room_4, uniq_jessica, uniq_sigmund, uniq_natasha

Skill      XL: |  1  2  3  4  5 |
---------------+----------------+-----
Axes           | 3 4 |  4.7
Fighting       | 4 |  4.7
Dodging        | 1 2 |  2.1
Armour         | 4 |  4.7
Shields        | 4 |  4.5

Action                   |  1- 3 |  4- 6 || total
-------------------------+-------+-------++-------
Melee: War axe           |    64 |   118 ||   182
       Headbutt          |     9 |    11 ||    20
  Use: Scroll            |       |     8 ||     8
       Potion            |       |     3 ||     3
  Eat: Chunk             |       |     5 ||     5
Armor: Scale mail        |    38 |    79 ||   117
       Chain mail        |       |     9 ||     9
Dodge: Dodged            |    30 |    66 ||    96
Block: Shield            |    34 |    86 ||   120

Table legend:
 A = Non-vault XP
 B = Vault XP
 C = Vault XP percentage of total XP
 D = Non-vault monster count
 E = Vault monster count
 F = Vault count percentage of total count
                 A         B        C        D         E       F
            +---------+---------+-------+---------+---------+-------
      Total |     211 |     142 |  40.2 |      61 |      36 |  37.1
            +---------+---------+-------+---------+---------+-------
        D:1 |      41 |       0 |   0.0 |      26 |       0 |   0.0
        D:2 |      37 |      48 |  56.5 |      13 |      18 |  58.1
        D:3 |     133 |      94 |  41.4 |      22 |      18 |  45.0
            +---------+---------+-------+---------+---------+-------
